 Dungeon Crawl Stone Soup version 0.26.1-11-gd32895ea62 (webtiles) character file.

Game seed: 7437599949302484928

2240 Gwenloh the Arsonist (level 9, -10/58 (62) HPs)
             Began as a Yellow Draconian Fire Elementalist on May 29, 2021.
             Was a Follower of Sif Muna.
             Mangled by an ogre
             ... wielding a +0 giant club
              (25 damage)
             ... on level 7 of the Dungeon.
             The game lasted 00:28:22 (8973 turns).

Gwenloh the Arsonist (DrFE)                         Turns: 8973, Time: 00:28:23

HP:   -10/58 (62)   AC:  9    Str: 11    XL:     9   Next: 14%
MP:   5/17          EV: 12    Int: 18    God:    Sif Muna [*.....]
Gold: 386           SH:  0    Dex: 12    Spells: 5/18 levels left

rFire    . . .     SeeInvis .   w - +3 trident
rCold    . . .     Faith    .   (no shield)
rNeg     . . .     Spirit   .   (armour unavailable)
rPois    .         Reflect  .   (helmet restricted)
rElec    .         Harm     .   f - +0 cloak
rCorr    +         Rampage  .   y - +0 pair of gloves
Will     .....                  (no boots)
Stlth    ++........             (no amulet)
HPRegen  0.19/turn              (no ring)
MPRegen  0.15/turn              (no ring)

@: mesmerised, drained
A: spit acid, unfitting armour, cold-blooded, acid resistance, AC +7
a: Breathe Acid, Renounce Religion, Channel Magic


You were on level 7 of the Dungeon.
You worshipped Sif Muna.
Sif Muna was aware of your devotion.
You visited 2 branches of the dungeon, and saw 8 of its levels.

You collected 386 gold pieces.

Inventory:

Hand Weapons
 a - a +0 short sword
 n - a +4 whip
 w - a +3 trident (weapon)
Armour
 f - a +0 cloak (worn)
 y - a +0 pair of gloves (worn)
Wands
 m - a wand of iceblast (5)
 p - a wand of acid (13)
 v - a wand of flame (18)
Scrolls
 d - 2 scrolls of fear
 e - 5 scrolls of blinking
 i - a scroll of immolation
 j - a scroll of amnesia
 k - 2 scrolls of teleportation {unknown}
 l - 3 scrolls of remove curse
 r - a scroll of enchant armour {unknown}
 s - 2 scrolls of enchant weapon {unknown}
 x - a scroll of identify
Potions
 b - a potion of magic {unknown}
 c - 2 potions of mutation {unknown}
 g - 2 potions of invisibility {unknown}
 h - 4 potions of degeneration {unknown}
 o - 2 potions of might
 q - 2 potions of lignification {unknown}
 t - a potion of ambrosia {unknown}
 u - a potion of curing {unknown}
 z - 2 potions of heal wounds
 A - a potion of attraction {unknown}
 B - a potion of cancellation {unknown}


   Skills:
 - Level 1.7 Dodging
 - Level 1.7 Stealth
 + Level 5.3 Spellcasting
 + Level 5.3 Conjurations
 * Level 8.3 Fire Magic
 * Level 5.7 Invocations


You had 5 spell levels left.
You knew the following spells:

 Your Spells              Type           Power        Failure   Level
a - Foxfire               Conj/Fire      100%         1%          1
b - Conjure Flame         Conj/Fire      29%          2%          3
c - Sticky Flame          Conj/Fire      29%          8%          4
d - Fireball              Conj/Fire      14%          22%         5

Your spell library contained the following spells:

 Spells                   Type           Power        Failure   Level
 Inner Flame              Hex/Fire       19%          7%          3


Dungeon Overview and Level Annotations

Branches:
Dungeon (7/15)             Temple (1/1) D:5

Altars:
Ashenzari
Cheibriados
Dithmenos
Elyvilon
Fedhas
Gozag
Hepliaklqana
Kikubaaqudgha
Makhleb
Nemelex Xobeh
Okawaru
Qazlal
Ru
Sif Muna
Trog
Uskayaw
Vehumet
Wu Jian
Xom
Zin
The Shining One

Shops:
D:7 [

Annotations:
D:7 Harold, Maggie


Innate Abilities, Weirdness & Mutations

You can spit globs of acid.
Your golden yellow scales are hard. (AC +7)
You cannot fit into any form of body armour.
You are cold-blooded and may be slowed by cold attacks.
You are resistant to acid. (rCorr)


Message History

Aim: Maggie, wielding a +1 long sword of draining, wearing cursed +0 steam dragon scales and carrying a wand of enslavement (6) (mesmerising, 0% to evade)
The sticky flame hits Maggie!
Maggie is lightly wounded.
Maggie is covered in liquid flames!
Maggie burns!
Maggie casts a spell.
Maggie draws you further into her thrall.
The ogre hits you with a +0 giant club!!
Casting: Sticky Flame (dangerous; 8% risk of failure)
Confirm with . or Enter, or press ? or * to list all spells.
Aiming: Sticky Flame (dangerous; 8% risk of failure)
Press: ? - help, Shift-Dir - straight line, f - ogre, p - Maggie
Aim: an ogre, wielding a +0 giant club (0% to evade)
The sticky flame hits the ogre.
The ogre is moderately wounded.
The ogre is covered in liquid flames!
Maggie burns!
The ogre burns!
Maggie hits you with a +1 long sword of draining.
* * * LOW HITPOINT WARNING * * *
You feel drained.
The ogre hits you with a +0 giant club!!
You die...

#########.# # #.# # #.#
#.# #.# #.########
#........######## .
####...O@.@.5.5.# #
########.###@######.# .
.........#......#<#.#
.........#.#.##.#.#.#
.........#.#.#....#@#
.........#.#.#..###5#
.........#.#.#..# #.#
..........#.#.#..###5#
..........)#.#.#....#.#
............#...######.#


You could see Harold, Maggie (mesmerising, burning), an ogre (burning) and 2
lemures.

Vanquished Creatures
  Duvessa (D:6)
  A black bear (D:6)
  An ice beast (D:5)
  3 sky beasts (D:6)
  2 phantoms
  An orc warrior (D:5)
  An ogre (D:6)
  A centaur (D:6)
  2 bullfrogs
  Dowan (D:6)
  3 scorpions (D:6)
  7 wights (D:6)
  A centaur zombie (D:5)
  3 howler monkeys
  A bullfrog zombie (D:5)
  An orc priest (D:6)
  Ijyb (D:3)
  Jessica (D:3)
  An iguana (D:4)
  An orc wizard (D:6)
  3 worker ants
  A hound zombie (D:7)
  A hound skeleton (D:6)
  A worker ant zombie (D:6)
  8 adders
  2 shadow imps
  An ooze (D:4)
  2 adder skeletons
  2 worms
  2 dart slugs (D:3)
  6 leopard geckos
  13 orcs
  7 giant cockroaches
  5 hobgoblins
  16 jackals
  6 kobolds
  4 quokkas
  5 bats
  8 frilled lizards
  6 goblins
  A jackal zombie (D:5)
  A leopard gecko skeleton (D:5)
  8 rats
143 creatures vanquished.

Vanquished Creatures (collateral kills)
  A foxfire (D:1)
1 creature vanquished.

Vanquished Creatures (others)
  406 foxfires
  3 plants
409 creatures vanquished.

Grand Total: 553 creatures vanquished

Notes
Turn   | Place    | Note
-------+----------+-------------------------------------------
     0 | D:1      | Gwenloh the Draconian Fire Elementalist began the quest for
                  | the Orb.
     0 | D:1      | Reached XP level 1. HP: 14/14 MP: 3/3
   283 | D:1      | Reached XP level 2. HP: 20/20 MP: 3/5
  1028 | D:2      | Reached XP level 3. HP: 26/26 MP: 2/6
  1109 | D:2      | Learned a level 3 spell: Conjure Flame
  1737 | D:2      | Found a blossoming altar of Fedhas.
  2321 | D:3      | Reached skill level 4 in Fire Magic
  2657 | D:3      | Reached XP level 4. HP: 33/33 MP: 4/7
  2732 | D:3      | Noticed Jessica
  2738 | D:3      | Killed Jessica
  2872 | D:3      | Noticed Ijyb
  2911 | D:3      | Killed Ijyb
  3108 | D:3      | Reached XP level 5. HP: 38/38 MP: 6/9
  3842 | D:4      | Noticed a phantom
  3860 | D:4      | Killed a phantom
  3861 | D:4      | Reached skill level 5 in Fire Magic
  3861 | D:4      | Reached XP level 6. HP: 29/45 MP: 5/11
  3867 | D:4      | Learned a level 4 spell: Sticky Flame
  5098 | D:5      | Entered Level 5 of the Dungeon
  5682 | D:5      | Found a staircase to the Ecumenical Temple.
  6087 | D:5      | Noticed an ice beast
  6098 | D:5      | Killed an ice beast
  6099 | D:5      | Reached skill level 6 in Fire Magic
  6099 | D:5      | Your scales start taking on a golden yellow colour.
  6099 | D:5      | Reached XP level 7. HP: 33/50 MP: 6/12
  6099 | D:5      | Gained mutation: You are resistant to acid. (rCorr) [Yellow
                  | Draconian growth]
  6371 | Temple   | Entered the Ecumenical Temple
  6652 | Temple   | Became a worshipper of Sif Muna the Loreminder
  6722 | D:6      | Reached skill level 1 in Invocations
  7309 | D:6      | Learned a level 5 spell: Fireball
  7326 | D:6      | Reached XP level 8. HP: 57/57 MP: 1/14
  7331 | D:6      | Reached skill level 7 in Fire Magic
  7650 | D:6      | Noticed Duvessa
  7652 | D:6      | Noticed Dowan
  7662 | D:6      | Killed Duvessa
  7790 | D:6      | Killed Dowan
  7911 | D:6      | Reached skill level 5 in Spellcasting
  7911 | D:6      | Reached skill level 5 in Conjurations
  8004 | D:6      | Reached skill level 5 in Invocations
  8016 | D:6      | Reached * piety under Sif Muna
  8248 | D:6      | Reached skill level 8 in Fire Magic
  8248 | D:6      | Reached XP level 9. HP: 52/62 MP: 5/16
  8496 | D:7      | Noticed Maggie
  8589 | D:7      | Found Empith's Armour Emporium.
  8711 | D:7      | Noticed Harold
  8973 | D:7      | Mangled by an ogre

Illustrated notes

Levels and vault maps discovered:
D:1:      mrwooster_arrival_arrow, layout_basic, serial_bayou_pond_e
D:2:      layout_loops_ring, chequers_serial_rivers_large_b, fedhas_altar_1
D:3:      layout_basic, uniq_jessica, uniq_ijyb
D:4:      cheibrodos_old_hovel, layout_layer_cave
D:5:      layout_basic, minmay_temple_entry_mini_moons, grunt_ministairs_9,
          minmay_small_thing
D:6:      layout_basic, uniq_duvessa
D:7:      layout_basic, serial_shops, shop, uniq_maggie, uniq_pikel, uniq_harold
Temple:   nicolae_temple_the_god_donut

Skill      XL: |  1  2  3  4  5  6  7  8 |
---------------+-------------------------+-----
Fire Magic     | 4 5 6 8 |  8.3
Conjurations   | 2 3 4 5 |  5.3
Spellcasting   | 3 4 5 |  5.3
Invocations    | 2 5 |  5.7
Dodging        | |  1.7
Stealth        | |  1.7

Action                   |  1- 3 |  4- 6 |  7- 9 || total
-------------------------+-------+-------+-------++-------
Melee: Short sword       |    26 |    13 |       ||    39
       Tailslap          |     2 |     7 |     5 ||    14
       Whip              |       |    61 |    51 ||   112
       Trident           |       |       |    20 ||    20
 Cast: Foxfire           |    86 |   103 |    57 ||   246
       Conjure Flame     |     2 |     2 |     3 ||     7
       Sticky Flame      |       |       |    18 ||    18
       Fireball          |       |       |     6 ||     6
 Abil: Breathe Acid      |       |       |    11 ||    11
Evoke: Wand              |       |       |     1 ||     1
  Use: Scroll            |       |       |     6 ||     6
 Stab: Sleeping          |       |     1 |       ||     1
Armor: Skin              |    47 |    24 |    30 ||   101
Dodge: Dodged            |    79 |    71 |    61 ||   211
